 Dungeon Crawl Stone Soup version 0.24.0-125-gc4c63601f3 (webtiles) character file.

Game seed: 11448859271897636549, levelgen mode: deterministic

87 Descartes the Magician (level 4, -5/24 HPs)
             Began as a Deep Elf Air Elementalist on Mar 14, 2020.
             Killed by nerve-wracking pain
             ... invoked by Grinder
              (14 damage)
             ... while paralysed by Grinder
             ... on level 3 of the Dungeon.
             The game lasted 00:06:35 (2032 turns).

Descartes the Magician (Deep Elf Air Elementalist)  Turns: 2032, Time: 00:06:36

Health: -5/24      AC:  2    Str:  5    XL:     4   Next: 28%
Magic:  7/11       EV:  2    Int: 21    God:
Gold:   142        SH:  0    Dex: 15    Spells: 9/10 levels left

rFire    . . .     SeeInvis .   m - +0 falchion
rCold    . . .     Gourm    .   (no shield)
rNeg     . . .     Faith    .   a - +0 robe
rPois    .         Spirit   .   (no helmet)
rElec    .         Reflect  .   (no cloak)
rCorr    .         Harm     .   (no gloves)
MR       .....                  (no boots)
Stlth    ++........             (no amulet)
HPRegen  0.08/turn              (no ring)
MPRegen  0.12/turn              (no ring)

@: paralysed
A: no striking features
a: no special abilities


You were on level 3 of the Dungeon.
You were not hungry.

You visited 1 branch of the dungeon, and saw 3 of its levels.

You collected 142 gold pieces.

Inventory:

Hand Weapons
 m - a +0 falchion (weapon)
Missiles
 b - 23 arrows
 e - 85 stones (quivered)
 i - 29 sling bullets
Armour
 a - a +0 robe (worn)
 d - a +0 leather armour
Scrolls
 f - a scroll of fog {unknown}
 g - a scroll of remove curse {unknown}
 k - a scroll of identify {unknown}
 l - a scroll of enchant armour {unknown}
Comestibles
 c - 3 rations
 h - a chunk of flesh


   Skills:
 + Level 0.6 Armour
 + Level 3.3 Dodging
 - Level 2.4 Stealth
 + Level 3.8 Spellcasting
 + Level 2.3 Conjurations
 + Level 3.7 Air Magic


You had 9 spell levels left.
You knew the following spells:

 Your Spells              Type           Power        Failure   Level  Hunger
a - Shock                 Conj/Air       ###.         3%          1    None

Your spell library contained the following spells:

 Spells                   Type           Power        Failure   Level  Hunger
 Swiftness                Chrm/Air       ##......     9%          2    #......
 Static Discharge         Conj/Air       ###.....     11%         3    ###....
 Airstrike                Air            ###.......   26%         4    ####...
 Lightning Bolt           Conj/Air       ###.......   69%         5    ######.


Dungeon Overview and Level Annotations

Branches:
Dungeon (3/15)

Altars:
Okawaru

Annotations:
D:3 Grinder


Message History

The zap hits Grinder.
Grinder is moderately wounded.
Grinder blinks!
Casting: Shock (safe; 3% risk of failure)
Confirm with . or Enter, or press ? or * to list all spells.
Aiming: Shock (safe; 3% risk of failure)
Press: ? - help, Shift-Dir - straight line, f/p - Grinder
Aim: Grinder (moderately wounded)
The zap misses Grinder.
The zap hits Grinder.
Grinder is heavily wounded.
Grinder gestures at you.
You suddenly lose the ability to move!
Grinder hits you.
You writhe in agony.
Grinder gestures at you.
You barely resist. Grinder hits you.
You writhe in agony.
Grinder gestures at you. Pain shoots through your body!
Ouch! That really hurt!
You die...

##.......##
#.........#
+.........+
#.........#
#.<.....# #..$..#
#...# #@#
######5###
#........#
##.####.#.#
..........#
#.........##
#..........#####
#.###.#..#.......
# #......######


You could see Grinder.

Vanquished Creatures
  4 adders
  2 oozes
  2 worms (D:2)
  2 leopard geckos
  4 bats
  A giant cockroach (D:1)
  2 goblins
  7 hobgoblins
  3 kobolds
  2 quokkas (D:2)
  3 ball pythons
  3 rats
35 creatures vanquished.

Notes
Turn   | Place    | Note
-------+----------+-------------------------------------------
     0 | D:1      | Descartes the Deep Elf Air Elementalist began the quest for
                  | the Orb.
     0 | D:1      | Reached XP level 1. HP: 10/10 MP: 6/6
   168 | D:1      | Reached XP level 2. HP: 15/15 MP: 4/8
  1115 | D:2      | Reached XP level 3. HP: 14/19 MP: 1/9
  1507 | D:2      | Reached XP level 4. HP: 24/24 MP: 8/11
  1825 | D:2      | Found an iron altar of Okawaru.
  2022 | D:3      | Noticed Grinder
  2027 | D:3      | Paralysed by Grinder for 6 turns
  2032 | D:3      | Killed from afar by Grinder

Levels and vault maps discovered:
D:1:      saegor_arrival_simple_a, layout_basic
D:2:      layout_basic, first_ration, okawaru_ov_weapons_minmay
D:3:      layout_loops_corners, tso_oasis_becter, grunt_dithmenos_smoke,
          small_statue_alley_b, uniq_ijyb, uniq_grinder

Skill      XL: |  1  2  3 |
---------------+----------+-----
Dodging        | 3 |  3.3
Conjurations   | 2 |  2.3
Armour         | |  0.6
Stealth        | |  2.4
Spellcasting   | |  3.8
Air Magic      | |  3.7

Action                   |  1- 3 |  4- 6 || total
-------------------------+-------+-------++-------
Melee: Dagger            |     8 |       ||     8
 Cast: Shock             |    70 |    26 ||    96
  Eat: Chunk             |     2 |     1 ||     3
Armor: Robe              |     1 |       ||     1
Dodge: Dodged            |     9 |     1 ||    10
       Rpst.: Falchion   |       |     1 ||     1
